Workbook
Name conti: 'INPUT CE'!$B$8:$B$621
Name dd: #REF!
Name Ind_Ser: #REF!
Name NewTable0: #REF!
Name PosteR: [1]POSTE_R_SANITARIO!$A$6:$C$49

Sheet INPUT CE
C1: 912
F6: CEPA T3 2022
C7: BEP 2022 | D7: CONSUNTIVO 2021 | E7: di cui Covid | F7: CEPA T3 2022 | G7: CEPA T3 2022 di cui COVID | H7: di cui COVID (gennaio-marzo 2022) | I7: DELTA su 2021
A8: ZZ9999 | B8: RISULTATO DI ESERCIZIO | C8: -1.1260302e+08 | D8: -37981590 | E8: -5776297.5 | F8: -92165911 | G8: =+G9-G612 -> -26427384 | H8: =H9-H612 -> -6465592.1 | I8: =F8-D8 -> -54184321
A9: XA0000 | B9: Risultato prima delle imposte (A - B +/- C +/- D +/- E) | C9: -93137024 | D9: -17771996 | E9: -4434330.3 | F9: -72258406 | G9: =+G10-G155+G530+G548+G551 -> -24904905 | H9: =ROUND(H10-H155+H530+H548+H551,2) -> -6153687.5 | I9: =F9-D9 -> -54486410
A10: AZ9999 | B10: Totale valore della produzione (A) | C10: 6.0071913e+08 | D10: 6.6641319e+08 | E10: 22828416 | F10: 6.2416618e+08 | G10: =+G11+G48+G51+G59+G116+G139+G143+G150+G151 -> 1637577.1 | H10: =ROUND(H11+H48+H51+H59+H116+H139+H143+H150+H151,2) -> -20973.64 | I10: =F10-D10 -> -42247008
A11: AA0010 | B11: A.1) Contributi in c/esercizio | C11: 100462313 | D11: 1.2689459e+08 | E11: 16657945 | F11: 86481512 | G11: =+G12+G25+G42+G47 -> 0 | H11: =ROUND(H12+H25+H42+H47,2) -> 0 | I11: =F11-D11 -> -40413076
A12: AA0020 | B12: A.1.A) Contributi da Regione o Prov. Aut. per quota F.S. regionale | C12: 99312313 | D12: 1.2170436e+08 | E12: 12910265 | F12: 85143024 | G12: =G13+G24 -> 0 | H12: =ROUND(H13+H24,2) -> 0 | I12: =F12-D12 -> -36561332
A13: AA0030 | B13: A.1.A.1) da Regione o Prov. Aut. per quota F.S. regionale indistinto | C13: 83046500 | D13: 1.1296407e+08 | E13: 12910265 | F13: 85143024 | G13: =+G14+G17+G20+G23 -> 0 | H13: =ROUND(H14+H17+H20+H23,2) -> 0 | I13: =F13-D13 -> -27821044
A14: AA0031 | B14: A.1.A.1.1) Finanziamento indistinto | C14: 0 | D14: 10526433 | E14: 0 | F14: 0 | G14: =+G15+G16 -> 0 | H14: =ROUND(H15+H16,2) -> 0 | I14: =F14-D14 -> -10526433
A15: AA0031a | B15: A.1.A.1.1.A) Finanziamento indistinto - quota capitaria | C15: 0 | D15: 0 | F15: 0 | I15: =F15-D15 -> 0
A16: AA0031b | B16: A.1.A.1.1.B) Finanziamento indistinto - altro | C16: 0 | D16: 10526433 | F16: 0 | I16: =F16-D16 -> -10526433
A17: AA0032 | B17: A.1.A.1.2) Finanziamento indistinto finalizzato da Regione | C17: 0 | D17: 19391135 | E17: 12910265 | F17: 2096523.8 | G17: =+G18+G19 -> 0 | H17: =ROUND(H18+H19,2) -> 0 | I17: =F17-D17 -> -17294611
A18: AA0032a | B18: A.1.A.1.2.A) Finanziamento indistinto finalizzato da Regione - per investimenti | C18: 0 | D18: 4826155 | F18: 0 | I18: =F18-D18 -> -4826155
A19: AA0032b | B19: A.1.A.1.2.B) Finanziamento indistinto finalizzato da Regione - vincolati GSA | C19: 0 | D19: 14564980 | E19: 12910265 | F19: 2096523.8 | I19: =F19-D19 -> -12468456
A20: AA0033 | B20: A.1.A.1.3) Funzioni | C20: 83046500 | D20: 83046500 | E20: 0 | F20: 83046500 | G20: =+G21+G22 -> 0 | H20: =ROUND(H21+H22,2) -> 0 | I20: =F20-D20 -> 0
A21: AA0034 | B21: A.1.A.1.3.A) Funzioni - Pronto Soccorso | C21: 8000000 | D21: 8000000 | F21: 8000000 | I21: =F21-D21 -> 0
A22: AA0035 | B22: A.1.A.1.3.B) Funzioni - Altro | C22: 75046500 | D22: 75046500 | F22: 75046500 | I22: =F22-D22 -> 0
A23: AA0036 | B23: A.1.A.1.4) Quota finalizzata per il Piano aziendale di cui all'art. 1, comma 528, L. 208/2015 | C23: 0 | D23: 0 | F23: 0 | I23: =F23-D23 -> 0
A24: AA0040 | B24: A.1.A.2) da Regione o Prov. Aut. per quota F.S. regionale vincolato | C24: 16265813 | D24: 8740288.3 | F24: 0 | I24: =F24-D24 -> -8740288.3
A25: AA0050 | B25: A.1.B) Contributi c/esercizio (extra fondo) | C25: 0 | D25: 3948176.9 | E25: 3637859.9 | F25: 100000 | G25: =+G26+G31+G34 -> 0 | H25: =ROUND(+H26+H31+H34,2) -> 0 | I25: =F25-D25 -> -3848176.9
A26: AA0060 | B26: A.1.B.1) da Regione o Prov. Aut. (extra fondo) | C26: 0 | D26: 207577 | E26: 0 | F26: 0 | G26: =+G27+G28+G29+G30 -> 0 | H26: =ROUND(+H27+H28+H29+H30,2) -> 0 | I26: =F26-D26 -> -207577
A27: AA0070 | B27: A.1.B.1.1) Contributi da Regione o Prov. Aut. (extra fondo) vincolati | C27: 0 | D27: 0 | F27: 0 | I27: =F27-D27 -> 0
A28: AA0080 | B28: A.1.B.1.2) Contributi da Regione o Prov. Aut. (extra fondo) - Risorse aggiuntive da bilancio regionale a titolo di copertura LEA | C28: 0 | D28: 0 | F28: 0 | I28: =F28-D28 -> 0
A29: AA0090 | B29: A.1.B.1.3) Contributi da Regione o Prov. Aut. (extra fondo) - Risorse aggiuntive da bilancio regionale a titolo di copertura extra LEA | C29: 0 | D29: 207577 | F29: 0 | I29: =F29-D29 -> -207577
A30: AA0100 | B30: A.1.B.1.4) Contributi da Regione o Prov. Aut. (extra fondo) - Altro | C30: 0 | D30: 0 | F30: 0 | I30: =F30-D30 -> 0
A31: AA0110 | B31: A.1.B.2) Contributi da Aziende sanitarie pubbliche della Regione o Prov. Aut. (extra fondo) | C31: 0 | D31: 0 | E31: 0 | F31: 0 | G31: =+G32+G33 -> 0 | H31: =ROUND(+H32+H33,2) -> 0 | I31: =F31-D31 -> 0
A32: AA0120 | B32: A.1.B.2.1) Contributi da Aziende sanitarie pubbliche della Regione o Prov. Aut. (extra fondo) vincolati | C32: 0 | D32: 0 | F32: 0 | I32: =F32-D32 -> 0
A33: AA0130 | B33: A.1.B.2.2) Contributi da Aziende sanitarie pubbliche della Regione o Prov. Aut. (extra fondo) altro | C33: 0 | D33: 0 | F33: 0 | I33: =F33-D33 -> 0
A34: AA0140 | B34: A.1.B.3) Contributi da Ministero della Salute e da altri soggetti pubblici (extra fondo) | C34: 0 | D34: 3740599.9 | E34: 3637859.9 | F34: 100000 | G34: =+G35+G36+G39+G40+G41 -> 0 | H34: =ROUND(+H35+H36+H39+H40+H41,2) -> 0 | I34: =F34-D34 -> -3640599.9
A35: AA0141 | B35: A.1.B.3.1) Contributi da Ministero della Salute (extra fondo) | C35: 0 | D35: 66140 | F35: 0 | I35: =F35-D35 -> -66140
A36: AA0150 | B36: A.1.B.3.2) Contributi da altri soggetti pubblici (extra fondo) vincolati | C36: 0 | D36: 3674459.9 | E36: 3637859.9 | F36: 100000 | G36: =+G37+G38 -> 0 | H36: =ROUND(H37+H38,2) -> 0 | I36: =F36-D36 -> -3574459.9
A37: AA0015a | B37: A.1.B.3.2.a) Contributi da altri soggetti pubblici (extra fondo) vincolati - PERIMETRO SANITA | C37: 0 | D37: 3567859.9 | E37: 3567859.9 | F37: 0 | I37: =F37-D37 -> -3567859.9
A38: AA0015b | B38: A.1.B.3.2.b) Contributi da altri soggetti pubblici (extra fondo) vincolati - PERIMETRO NO SANITA | C38: 0 | D38: 106600 | E38: 70000 | F38: 100000 | I38: =F38-D38 -> -6600
A39: AA0160 | B39: A.1.B.3.3) Contributi da altri soggetti pubblici (extra fondo) L. 210/92 | C39: 0 | D39: 0 | F39: 0 | I39: =F39-D39 -> 0
A40: AA0170 | B40: A.1.B.3.4) Contributi da altri soggetti pubblici (extra fondo) altro | C40: 0 | D40: 0 | F40: 0 | I40: =F40-D40 -> 0
A41: AA0171 | B41: A.1.B.3.5) Contributi da altri soggetti pubblici (extra fondo) - in attuazione dell’art.79, comma 1 sexies lettera c), del D.L. 112/2008, convertito con legge 133/2008 e della legge 23 dicembre 2009 n. 191 | C41: 0 | D41: 0 | F41: 0 | I41: =F41-D41 -> 0
A42: AA0180 | B42: A.1.C) Contributi c/esercizio per ricerca | C42: 650000 | D42: 658254.65 | E42: 0 | F42: 666750 | G42: =+G43+G44+G45+G46 -> 0 | H42: =ROUND(+H43+H44+H45+H46,2) -> 0 | I42: =F42-D42 -> 8495.35
A43: AA0190 | B43: A.1.C.1) Contributi da Ministero della Salute per ricerca corrente | C43: 0 | D43: 0 | F43: 0 | I43: =F43-D43 -> 0
A44: AA0200 | B44: A.1.C.2) Contributi da Ministero della Salute per ricerca finalizzata | C44: 0 | D44: 0 | F44: 0 | I44: =F44-D44 -> 0
A45: AA0210 | B45: A.1.C.3) Contributi da Regione ed altri soggetti pubblici per ricerca | C45: 350000 | D45: 334121.45 | F45: 300000 | I45: =F45-D45 -> -34121.45
A46: AA0220 | B46: A.1.C.4) Contributi da privati per ricerca | C46: 300000 | D46: 324133.2 | F46: 366750 | I46: =F46-D46 -> 42616.8
A47: AA0230 | B47: A.1.D) Contributi c/esercizio da privati | C47: 500000 | D47: 583800.84 | E47: 109819.6 | F47: 571738.34 | I47: =F47-D47 -> -12062.5
A48: AA0240 | B48: A.2) Rettifica contributi c/esercizio per destinazione ad investimenti | C48: -7444791 | D48: -8884975.9 | E48: -578567.69 | F48: -4000000 | G48: =+G49+G50 -> 0 | H48: =ROUND(+H49+H50,2) -> -20973.64 | I48: =F48-D48 -> 4884975.9
A49: AA0250 | B49: A.2.A) Rettifica contributi in c/esercizio per destinazione ad investimenti - da Regione o Prov. Aut. per quota F.S. regionale | C49: -7444791 | D49: -8857358.4 | E49: -578567.69 | F49: -4000000 | H49: =-280-20693.64 -> -20973.64 | I49: =F49-D49 -> 4857358.4
A50: AA0260 | B50: A.2.B) Rettifica contributi in c/esercizio per destinazione ad investimenti - altri contributi | C50: 0 | D50: -27617.52 | F50: 0 | I50: =F50-D50 -> 27617.52
A51: AA0270 | B51: A.3) Utilizzo fondi per quote inutilizzate contributi finalizzati e vincolati di esercizi precedenti | C51: 1200000 | D51: 7590440 | E51: 6740632.4 | F51: 2457833.3 | G51: =+G52+G53+G54+G58+G57 -> 1637577.1 | H51: =ROUND(+H52+H53+H54+H57+H58,2) -> 0 | I51: =F51-D51 -> -5132606.7
A52: AA0271 | B52: A.3.A) Utilizzo fondi per quote inutilizzate contributi di esercizi precedenti da Regione o Prov. Aut. per quota F.S. regionale indistinto finalizzato | C52: 640000 | D52: 7173502.8 | E52: 6740632.4 | F52: 2000311.8 | G52: 1637577.1 | I52: =F52-D52 -> -5173191
A53: AA0280 | B53: A.3.B) Utilizzo fondi per quote inutilizzate contributi di esercizi precedenti da Regione o Prov. Aut. per quota F.S. regionale vincolato | C53: 0 | D53: 44132.07 | F53: 0 | I53: =F53-D53 -> -44132.07
A54: AA0290 | B54: A.3.C) Utilizzo fondi per quote inutilizzate contributi di esercizi precedenti da soggetti pubblici (extra fondo) vincolati | C54: 340000 | D54: 323408.47 | E54: 0 | F54: 0 | G54: =+G55+G56 -> 0 | H54: =ROUND(H55+H56,2) -> 0 | I54: =F54-D54 -> -323408.47
A55: AA0290a | B55: A.3.C.1) Utilizzo fondi per quote inutilizzate contributi di esercizi precedenti da soggetti pubblici (extra fondo) vincolati - PERIMETRO SANITA | C55: 340000 | D55: 323408.47 | F55: 0 | I55: =F55-D55 -> -323408.47
A56: AA0290b | B56: A.3.C.2) Utilizzo fondi per quote inutilizzate contributi di esercizi precedenti da soggetti pubblici (extra fondo) vincolati - NO PERIMETRO SANITA | C56: 0 | D56: 0 | F56: 0 | I56: =F56-D56 -> 0
A57: AA0300 | B57: A.3.D) Utilizzo fondi per quote inutilizzate contributi di esercizi precedenti per ricerca | C57: 0 | D57: 0 | F57: 394171.95 | I57: =F57-D57 -> 394171.95
A58: AA0310 | B58: A.3.E) Utilizzo fondi per quote inutilizzate contributi vincolati di esercizi precedenti da privati | C58: 220000 | D58: 49396.68 | F58: 63349.55 | I58: =F58-D58 -> 13952.87
A59: AA0320 | B59: A.4) Ricavi per prestazioni sanitarie e sociosanitarie a rilevanza sanitaria | C59: 452725550 | D59: 4.7310494e+08 | E59: 0 | F59: 4.8923846e+08 | G59: =+G60+G101+G107+G108 -> 0 | H59: =ROUND(+H60+H101+H107+H108,2) -> 0 | I59: =F59-D59 -> 16133522
A60: AA0330 | B60: A.4.A) Ricavi per prestazioni sanitarie e sociosanitarie a rilevanza sanitaria erogate a soggetti pubblici | C60: 434864050 | D60: 4.5252855e+08 | E60: 0 | F60: 4.6771684e+08 | G60: =+G61+G79+G80 -> 0 | H60: =ROUND(+H61+H79+H80,2) -> 0 | I60: =F60-D60 -> 15188294
A61: AA0340 | B61: A.4.A.1) Ricavi per prestaz. sanitarie e sociosanitarie a rilevanza sanitaria erogate ad Aziende sanitarie pubbliche della Regione | C61: 377125341 | D61: 3.8799827e+08 | E61: 0 | F61: 3.9811549e+08 | G61: =+SUM(G62:G76) -> 0 | H61: =ROUND(SUM(H62:H76),2) -> 0 | I61: =F61-D61 -> 10117219
A62: AA0350 | B62: A.4.A.1.1) Prestazioni di ricovero | C62: 201542054 | D62: 209582602 | F62: 215475614 | I62: =F62-D62 -> 5893012
A63: AA0360 | B63: A.4.A.1.2) Prestazioni di specialistica ambulatoriale | C63: 68960097 | D63: 71888501 | F63: 73366151 | I63: =F63-D63 -> 1477650
A64: AA0361 | B64: A.4.A.1.3) Prestazioni di pronto soccorso non seguite da ricovero | C64: 7046414 | D64: 7473583 | F64: 7907320 | I64: =F64-D64 -> 433737
A65: AA0370 | B65: A.4.A.1.4) Prestazioni di psichiatria residenziale e semiresidenziale | C65: 0 | D65: 0 | F65: 0 | I65: =F65-D65 -> 0
A66: AA0380 | B66: A.4.A.1.5) Prestazioni di File F | C66: 89049275 | D66: 89023806 | F66: 93708706 | I66: =F66-D66 -> 4684900
A67: AA0390 | B67: A.4.A.1.6) Prestazioni servizi MMG, PLS, Contin. assistenziale | C67: 0 | D67: 0 | F67: 0 | I67: =F67-D67 -> 0
A68: AA0400 | B68: A.4.A.1.7) Prestazioni servizi farmaceutica convenzionata | C68: 0 | D68: 0 | F68: 0 | I68: =F68-D68 -> 0
A69: AA0410 | B69: A.4.A.1.8) Prestazioni termali | C69: 0 | D69: 0 | F69: 0 | I69: =F69-D69 -> 0
A70: AA0420 | B70: A.4.A.1.9) Prestazioni trasporto ambulanze ed elisoccorso | C70: 949501 | D70: 1195644 | F70: 1145136 | I70: =F70-D70 -> -50508
A71: AA0421 | B71: A.4.A.1.10) Prestazioni assistenza integrativa | C71: 0 | D71: 0 | F71: 0 | I71: =F71-D71 -> 0
A72: AA0422 | B72: A.4.A.1.11) Prestazioni assistenza protesica | C72: 0 | D72: 0 | F72: 0 | I72: =F72-D72 -> 0
A73: AA0423 | B73: A.4.A.1.12) Prestazioni assistenza riabilitativa extraospedaliera | C73: 0 | D73: 0 | F73: 0 | I73: =F73-D73 -> 0
... A75: AA0425 | B75: A.4.A.1.14) Prestazioni assistenza domiciliare integrata (ADI) | C75: 0 | D75: 0 | F75: 0 | I75: =F75-D75 -> 0
A76: AA0430 | B76: A.4.A.1.15) Altre prestazioni sanitarie e socio-sanitarie a rilevanza sanitaria | C76: 9578000 | D76: 8834130.8 | E76: 0 | F76: 6512558.9 | G76: =+G77+G78 -> 0 | H76: =ROUND(H77+H78,2) -> 0 | I76: =F76-D76 -> -2321571.9
A77: AA0430a | B77: A.4.A.1.15.A) Altre prestazioni sanitarie e socio-sanitarie a rilevanza sanitaria - HOSPICE | C77: 0 | D77: 0 | F77: 0 | I77: =F77-D77 -> 0
A78: AA0430b | B78: A.4.A.1.15.B) Altre prestazioni sanitarie e socio-sanitarie a rilevanza sanitaria | C78: 9578000 | D78: 8834130.8 | F78: 6512558.9 | I78: =F78-D78 -> -2321571.9
A79: AA0440 | B79: A.4.A.2) Ricavi per prestaz. sanitarie e sociosanitarie a rilevanza sanitaria erogate ad altri soggetti pubblici | C79: 150000 | D79: 191097.72 | F79: 190000 | I79: =F79-D79 -> -1097.72
A80: AA0450 | B80: A.4.A.3) Ricavi per prestaz. sanitarie e sociosanitarie a rilevanza sanitaria erogate a soggetti pubblici Extraregione | C80: 57588709 | D80: 64339186 | E80: 0 | F80: 69411358 | G80: =SUM(G81:G95,G98,G99,G100) -> 0 | H80: =ROUND(SUM(H81:H95)+H98+H99+H100,2) -> 0 | I80: =F80-D80 -> 5072172.4
A81: AA0460 | B81: A.4.A.3.1) Prestazioni di ricovero | C81: 39828163 | D81: 45216855 | F81: 50347371 | I81: =F81-D81 -> 5130516
A82: AA0470 | B82: A.4.A.3.2) Prestazioni ambulatoriali | C82: 7824439 | D82: 8569331 | F82: 8386534 | I82: =F82-D82 -> -182797
A83: AA0471 | B83: A.4.A.3.3) Prestazioni pronto soccorso non seguite da ricovero | C83: 400546 | D83: 467220 | F83: 522250 | I83: =F83-D83 -> 55030
A84: AA0480 | B84: A.4.A.3.4) Prestazioni di psichiatria non soggetta a compensazione (resid. e semiresid.) | C84: 0 | D84: 0 | F84: 0 | I84: =F84-D84 -> 0
A85: AA0490 | B85: A.4.A.3.5) Prestazioni di File F | C85: 7188896 | D85: 7537781 | F85: 7729186 | I85: =F85-D85 -> 191405
A86: AA0500 | B86: A.4.A.3.6) Prestazioni servizi MMG, PLS, Contin. assistenziale Extraregione | C86: 0 | D86: 0 | F86: 0 | I86: =F86-D86 -> 0
A87: AA0510 | B87: A.4.A.3.7) Prestazioni servizi farmaceutica convenzionata Extraregione | C87: 0 | D87: 0 | F87: 0 | I87: =F87-D87 -> 0
A88: AA0520 | B88: A.4.A.3.8) Prestazioni termali Extraregione | C88: 0 | D88: 0 | F88: 0 | I88: =F88-D88 -> 0
A89: AA0530 | B89: A.4.A.3.9) Prestazioni trasporto ambulanze ed elisoccorso Extraregione | C89: 296665 | D89: 361869 | F89: 376017 | I89: =F89-D89 -> 14148
A90: AA0541 | B90: A.4.A.3.10) Prestazioni assistenza integrativa da pubblico (extraregione) | C90: 0 | D90: 0 | F90: 0 | I90: =F90-D90 -> 0
A91: AA0542 | B91: A.4.A.3.11) Prestazioni assistenza protesica da pubblico (extraregione) | C91: 0 | D91: 0 | F91: 0 | I91: =F91-D91 -> 0
A92: AA0550 | B92: A.4.A.3.12) Ricavi per cessione di emocomponenti e cellule staminali Extraregione | C92: 0 | D92: 0 | F92: 0 | I92: =F92-D92 -> 0
... A94: AA0561 | B94: A.4.A.3.14) Altre prestazioni sanitarie e sociosanitarie a rilevanza sanitaria erogate a soggetti pubblici Extraregione | C94: 0 | D94: 0 | F94: 0 | I94: =F94-D94 -> 0
A95: AA0570 | B95: A.4.A.3.15) Altre prestazioni sanitarie e sociosanitarie a rilevanza sanitaria non soggette a compensazione Extraregione | C95: 2050000 | D95: 2186129.6 | E95: 0 | F95: 2050000 | G95: =+G96+G97 -> 0 | H95: =ROUND(+H96+H97,2) -> 0 | I95: =F95-D95 -> -136129.59
A96: AA0580 | B96: A.4.A.3.15.A) Prestazioni di assistenza riabilitativa non soggette a compensazione Extraregione | C96: 0 | D96: 0 | F96: 0 | I96: =F96-D96 -> 0
A97: AA0590 | B97: A.4.A.3.15.B) Altre prestazioni sanitarie e socio-sanitarie a rilevanza sanitaria non soggette a compensazione Extraregione | C97: 2050000 | D97: 2186129.6 | F97: 2050000 | I97: =F97-D97 -> -136129.59
A98: AA0600 | B98: A.4.A.3.16) Altre prestazioni sanitarie a rilevanza sanitaria - Mobilità attiva Internazionale | C98: 0 | D98: 0 | F98: 0 | I98: =F98-D98 -> 0
A99: AA0601 | B99: A.4.A.3.17) Altre prestazioni sanitarie a rilevanza sanitaria - Mobilità attiva Internazionale rilevata dalle AO, AOU, IRCCS. | C99: 0 | D99: 0 | F99: 0 | I99: =F99-D99 -> 0
A100: AA0602 | B100: A.4.A.3.18) Altre prestazioni sanitarie e sociosanitarie a rilevanza sanitaria ad Aziende sanitarie e casse mutua estera - (fatturate direttamente) | C100: 0 | D100: 0 | F100: 0 | I100: =F100-D100 -> 0
A101: AA0610 | B101: A.4.B) Ricavi per prestazioni sanitarie e sociosanitarie a rilevanza sanitaria erogate da privati v/residenti Extraregione in compensazione (mobilità attiva) | C101: 0 | D101: 0 | E101: 0 | F101: 0 | G101: =+G102+G103+G104+G106+G105 -> 0 | H101: =ROUND(SUM(H102:H106),2) -> 0 | I101: =F101-D101 -> 0
A102: AA0620 | B102: A.4.B.1) Prestazioni di ricovero da priv. Extraregione in compensazione (mobilità attiva) | C102: 0 | D102: 0 | F102: 0 | I102: =F102-D102 -> 0
A103: AA0630 | B103: A.4.B.2) Prestazioni ambulatoriali da priv. Extraregione in compensazione (mobilità attiva) | C103: 0 | D103: 0 | F103: 0 | I103: =F103-D103 -> 0
A104: AA0631 | B104: A.4.B.3) Prestazioni di pronto soccorso non seguite da ricovero da priv. Extraregione in compensazione (mobilità attiva) | C104: 0 | D104: 0 | F104: 0 | I104: =F104-D104 -> 0
A105: AA0640 | B105: A.4.B.4) Prestazioni di File F da priv. Extraregione in compensazione (mobilità attiva) | C105: 0 | D105: 0 | F105: 0 | I105: =F105-D105 -> 0
A106: AA0650 | B106: A.4.B.5) Altre prestazioni sanitarie e sociosanitarie a rilevanza sanitaria erogate da privati v/residenti Extraregione in compensazione (mobilità attiva) | C106: 0 | D106: 0 | F106: 0 | I106: =F106-D106 -> 0
...

Sheet Obiettivo programmato costo
C1: CONSUNTIVO 2021 | D1: CEPA T3 2022 | E1: Delta | F1: Delta%
A2: BZ9999 | B2: Totale costi della produzione (B) | C2: ='INPUT CE'!D155 -> 6.8139977e+08 | D2: ='INPUT CE'!F155 -> 6.958925e+08
A3: YZ9999 | B3: Totale imposte e tasse | C3: ='INPUT CE'!D612 -> 20209594 | D3: ='INPUT CE'!F612 -> 19907505
B4: Mobilità passiva | C4: =appoggio!C1 -> 0 | D4: =appoggio!E1 -> 0
B5: Ammortamenti | C5: ='INPUT CE'!D452 -> 29150613 | D5: ='INPUT CE'!F452 -> 32154126
B6: Variazione rimanenze | C6: ='INPUT CE'!D483 -> -718364.59 | D6: ='INPUT CE'!F483 -> -8261140.8
B7: Accantonamenti | C7: ='INPUT CE'!D500 -> 31824369 | D7: ='INPUT CE'!F500 -> 22744089
B8: Obiettivo costo programmato "grezzo" | C8: =C2+C3-C4-C5-C6-C7 -> 6.4135274e+08 | D8: =D2+D3-D4-D5-D6-D7 -> 6.6916293e+08 | E8: =D8-C8 -> 27810189 | F8: =E8/C8 -> 0.043361768
B9: Costi "energia" | C9: ='INPUT CE'!D192+'INPUT CE'!D351+'INPUT CE'!D356+'INPUT CE'!D357 -> 28053122 | D9: ='INPUT CE'!F192+'INPUT CE'!F351+'INPUT CE'!F356+'INPUT CE'!F357 -> 38020000
B10: Obiettivo costo programmato al netto energia | C10: =C8-C9 -> 6.1329962e+08 | D10: =D8-D9 -> 6.3114293e+08 | E10: =D10-C10 -> 17843311 | F10: =E10/C10 -> 0.029093954
B11: Polizza di assicurazione per la copertura del rischio di responsabilità civile verso terzi e prestatori d’opera (RCT/RCO) - Poste R | C11: 0 | D11: 1021523.8
B12: Variazione rimanenze beni covid consegnati da Azienda Zero | C12: 0 | D12: -4200000
B13: Obiettivo costo programmato al netto energia, poste R assicuraizone (RCT/RCO) e var. rimanenze beni Covid acquistati da azienda zero | C13: =C10-C11-C12 -> 6.1329962e+08 | D13: =D10-D11+D12 -> 6.2592141e+08 | E13: =D13-C13 -> 12621787 | F13: =E13/C13 -> 0.020580132
B14: Covid 3 mesi | C14: =('INPUT CE'!E155+'INPUT CE'!E612-'INPUT CE'!E500-'INPUT CE'!E483-'INPUT CE'!E452-appoggio!D1)/4 -> 7122536.8 | D14: ='INPUT CE'!H155+'INPUT CE'!H612-'INPUT CE'!H500-'INPUT CE'!H483-'INPUT CE'!H452-appoggio!F1 -> 6444618.4
B15: Obiettivo costo programmato "finale" | C15: =C13-C14 -> 6.0617708e+08 | D15: =D13-D14 -> 6.1947679e+08 | E15: =D15-C15 -> 13299706 | F15: =E15/C15 -> 0.021940298

Sheet appoggio
C1: =SUM(C3:C26) -> 0 | D1: =SUM(D3:D26) -> 0 | E1: =SUM(E3:E26) -> 0 | F1: =SUM(F3:F26) -> 0
C2: CONSUNTIVO 2021 | D2: di cui covid | E2: CEPA T3 2022 | F2: di cui covid (3 mesi)
A3: BA0061 | B3: BA0061 (B.1.A.1.4.1) Emoderivati di produzione regionale da pubblico (Aziende sanitarie pubbliche della Regione) Mobilità intraregionale) | C3: =VLOOKUP(A3,'INPUT CE'!$A$8:$D$621,4,FALSE) -> 0 | D3: =VLOOKUP(A3,'INPUT CE'!$A$8:$E$621,5,FALSE)/3 -> 0 | E3: =VLOOKUP(A3,'INPUT CE'!$A$8:$H$621,6,FALSE) -> 0 | F3: =VLOOKUP(A3,'INPUT CE'!$A$8:$H$621,8,FALSE) -> 0
A4: BA0062 | B4: BA0062 (B.1.A.1.4.2) Emoderivati di produzione regionale da pubblico (Aziend sanitarie pubbliche della Regione) - Mobilità extraregionale) | C4: =VLOOKUP(A4,'INPUT CE'!$A$8:$D$621,4,FALSE) -> 0 | D4: =VLOOKUP(A4,'INPUT CE'!$A$8:$E$621,5,FALSE) -> 0 | E4: =VLOOKUP(A4,'INPUT CE'!$A$8:$H$621,6,FALSE) -> 0 | F4: =VLOOKUP(A4,'INPUT CE'!$A$8:$H$621,8,FALSE) -> 0
A5: BA0470 | B5: BA0470 (B.2.A.1.2) - da pubblico (Aziende sanitarie pubbliche della Regione) - Mobilità intraregionale) | C5: =VLOOKUP(A5,'INPUT CE'!$A$8:$D$621,4,FALSE) -> 0 | D5: =VLOOKUP(A5,'INPUT CE'!$A$8:$E$621,5,FALSE) -> 0 | E5: =VLOOKUP(A5,'INPUT CE'!$A$8:$H$621,6,FALSE) -> 0 | F5: =VLOOKUP(A5,'INPUT CE'!$A$8:$H$621,8,FALSE) -> 0
A6: BA0480 | B6: BA0480 (B.2.A.1.3) - da pubblico (Aziende sanitarie pubbliche Extraregione) - Mobilità extraregionale) | C6: =VLOOKUP(A6,'INPUT CE'!$A$8:$D$621,4,FALSE) -> 0 | D6: =VLOOKUP(A6,'INPUT CE'!$A$8:$E$621,5,FALSE) -> 0 | E6: =VLOOKUP(A6,'INPUT CE'!$A$8:$H$621,6,FALSE) -> 0 | F6: =VLOOKUP(A6,'INPUT CE'!$A$8:$H$621,8,FALSE) -> 0
A7: BA0510 | B7: BA0510 (B.2.A.2.2) - da pubblico (Aziende sanitarie pubbliche della Regione)- Mobilità intraregionale) | C7: =VLOOKUP(A7,'INPUT CE'!$A$8:$D$621,4,FALSE) -> 0 | D7: =VLOOKUP(A7,'INPUT CE'!$A$8:$E$621,5,FALSE) -> 0 | E7: =VLOOKUP(A7,'INPUT CE'!$A$8:$H$621,6,FALSE) -> 0 | F7: =VLOOKUP(A7,'INPUT CE'!$A$8:$H$621,8,FALSE) -> 0
A8: BA0520 | B8: BA0520 (B.2.A.2.3) - da pubblico (Extraregione)) | C8: =VLOOKUP(A8,'INPUT CE'!$A$8:$D$621,4,FALSE) -> 0 | D8: =VLOOKUP(A8,'INPUT CE'!$A$8:$E$621,5,FALSE) -> 0 | E8: =VLOOKUP(A8,'INPUT CE'!$A$8:$H$621,6,FALSE) -> 0 | F8: =VLOOKUP(A8,'INPUT CE'!$A$8:$H$621,8,FALSE) -> 0
A9: BA0540 | B9: BA0540 (B.2.A.3.1) - da pubblico (Aziende sanitarie pubbliche della Regione)) | C9: =VLOOKUP(A9,'INPUT CE'!$A$8:$D$621,4,FALSE) -> 0 | D9: =VLOOKUP(A9,'INPUT CE'!$A$8:$E$621,5,FALSE) -> 0 | E9: =VLOOKUP(A9,'INPUT CE'!$A$8:$H$621,6,FALSE) -> 0 | F9: =VLOOKUP(A9,'INPUT CE'!$A$8:$H$621,8,FALSE) -> 0
A10: BA0541 | B10: BA0541 (B.2.A.3.2) prestazioni di pronto soccorso non seguite da ricovero - da pubblico (Aziende saniarie pubbliche della Regione)) | C10: =VLOOKUP(A10,'INPUT CE'!$A$8:$D$621,4,FALSE) -> 0 | D10: =VLOOKUP(A10,'INPUT CE'!$A$8:$E$621,5,FALSE) -> 0 | E10: =VLOOKUP(A10,'INPUT CE'!$A$8:$H$621,6,FALSE) -> 0 | F10: =VLOOKUP(A10,'INPUT CE'!$A$8:$H$621,8,FALSE) -> 0
A11: BA0560 | B11: BA0560 (B.2.A.3.5) - da pubblico (Extraregione)) | C11: =VLOOKUP(A11,'INPUT CE'!$A$8:$D$621,4,FALSE) -> 0 | D11: =VLOOKUP(A11,'INPUT CE'!$A$8:$E$621,5,FALSE) -> 0 | E11: =VLOOKUP(A11,'INPUT CE'!$A$8:$H$621,6,FALSE) -> 0 | F11: =VLOOKUP(A11,'INPUT CE'!$A$8:$H$621,8,FALSE) -> 0
A12: BA0561 | B12: BA0561 (B.2.A.3.6) prestazioni di pronto soccorso non seguite da ricovero - da pubblico (Extraregione)) | C12: =VLOOKUP(A12,'INPUT CE'!$A$8:$D$621,4,FALSE) -> 0 | D12: =VLOOKUP(A12,'INPUT CE'!$A$8:$E$621,5,FALSE) -> 0 | E12: =VLOOKUP(A12,'INPUT CE'!$A$8:$H$621,6,FALSE) -> 0 | F12: =VLOOKUP(A12,'INPUT CE'!$A$8:$H$621,8,FALSE) -> 0
A13: BA0650 | B13: BA0650 (B.2.A.4.1) - da pubblico (Aziende sanitarie pubbliche della Regione)) | C13: =VLOOKUP(A13,'INPUT CE'!$A$8:$D$621,4,FALSE) -> 0 | D13: =VLOOKUP(A13,'INPUT CE'!$A$8:$E$621,5,FALSE) -> 0 | E13: =VLOOKUP(A13,'INPUT CE'!$A$8:$H$621,6,FALSE) -> 0 | F13: =VLOOKUP(A13,'INPUT CE'!$A$8:$H$621,8,FALSE) -> 0
A14: BA0810 | B14: BA0810 (B.2.A.7.1) - da pubblico (Aziende sanitarie pubbliche della Regione)) | C14: =VLOOKUP(A14,'INPUT CE'!$A$8:$D$621,4,FALSE) -> 0 | D14: =VLOOKUP(A14,'INPUT CE'!$A$8:$E$621,5,FALSE) -> 0 | E14: =VLOOKUP(A14,'INPUT CE'!$A$8:$H$621,6,FALSE) -> 0 | F14: =VLOOKUP(A14,'INPUT CE'!$A$8:$H$621,8,FALSE) -> 0
A15: BA0830 | B15: BA0830 (B.2.A.7.3) - da pubblico (Extraregione)) | C15: =VLOOKUP(A15,'INPUT CE'!$A$8:$D$621,4,FALSE) -> 0 | D15: =VLOOKUP(A15,'INPUT CE'!$A$8:$E$621,5,FALSE) -> 0 | E15: =VLOOKUP(A15,'INPUT CE'!$A$8:$H$621,6,FALSE) -> 0 | F15: =VLOOKUP(A15,'INPUT CE'!$A$8:$H$621,8,FALSE) -> 0
... A26: BA1550 | B26: BA1550 (B.2.A.17) Costi GSA per differenziale saldo mobilità interregionale) | C26: =VLOOKUP(A26,'INPUT CE'!$A$8:$D$621,4,FALSE) -> 0 | D26: =VLOOKUP(A26,'INPUT CE'!$A$8:$E$621,5,FALSE) -> 0 | E26: =VLOOKUP(A26,'INPUT CE'!$A$8:$H$621,6,FALSE) -> 0 | F26: =VLOOKUP(A26,'INPUT CE'!$A$8:$H$621,8,FALSE) -> 0
